[Event ""]
[Site "FICS"]
[Date "2025-04-06"]
[Round "6"]
[White "Aromas"]
[Black "mccannj"]
[Result "0-1"]
[WhiteElo "1938"]
[BlackElo "1952"]
[TimeControl "2700+45"]
[Time "13:33:13"]
[PlyCount "55"]

1. e4 d5
2. Nc3 d4
3. Nce2 e5
4. Ng3 Be6
5. Bb5+ Nd7
6. Nf3 Bd6
7. Ba4 h5
8. Bb3 Nc5
9. Bxe6 Nxe6
10. d3 h4
11. Nf5 Bb4+
12. c3 Bd6
13. O-O g6
14. cxd4 gxf5
15. exf5 Nxd4
16. Nxd4 exd4
17. Qa4+ Qd7
18. Re1+ Be7
19. Qa5 h3
20. Bf4 Qc6
21. gxh3 b6
22. Qa6 Qf3
23. Bxc7 Nh6
24. Qa4+ Kf8
25. Qxd4 Rg8+
26. Bg3 Bc5
27. Qf4 Qxf4
0-1